 Dungeon Crawl Stone Soup version 0.29.1-2-gbd0b4ee654 (webtiles) character file.

Game seed: 1417453078595823010

1327 Ihaveafatcat the Cleaver (level 8, -5/66 (70) HPs)
             Began as a Hill Orc Fighter on Nov 15, 2022.
             Was an Initiate of Gozag.
             Slain by an orc warrior
             ... wielding a +0 dire flail
              (7 damage)
             ... on level 6 of the Dungeon.
             The game lasted 00:12:24 (5902 turns).

Ihaveafatcat the Cleaver (Hill Orc Fighter)         Turns: 5902, Time: 00:12:25

HP:   -5/66 (70)    AC: 12    Str: 21    XL:     8   Next: 60%
MP:   8/8           EV:  6    Int:  8    God:    Gozag
Gold: 585           SH:  4    Dex: 10    Spells: 7/7 levels left

rFire   . . .      SeeInvis .   a - +1 war axe (elec)
rCold   . . .      Faith    +   c - +0 buckler
rNeg    . . .      Spirit   .   y - +0 plate armour
rPois   .          Reflect  .   (no helmet)
rElec   .          Harm     .   (no cloak)
rCorr   .          Rampage  .   (no gloves)
Will    .....                   (no boots)
Stlth   ..........              m - amulet of faith
HPRegen 0.21/turn               (no ring)
MPRegen 0.11/turn               (no ring)

@: about to teleport, drained
A: no striking features
a: Renounce Religion, Potion Petition, Call Merchant, Bribe Branch


You were on level 6 of the Dungeon.
You worshipped Gozag.
Gozag was pleased with you.
You visited 1 branch of the dungeon, and saw 6 of its levels.

You collected 623 gold pieces.
You paid 38 gold pieces to Gozag.

Inventory:

Hand Weapons
 a - a +1 war axe of electrocution (weapon)
 o - a +0 vorpal hand axe
Armour
 c - a +0 buckler (worn)
 y - a +0 plate armour (worn)
Jewellery
 h - a ring of resist corrosion
 m - an amulet of faith (around neck)
Wands
 i - a wand of polymorph (9)
Scrolls
 f - 2 scrolls of teleportation
 g - 3 scrolls of identify
 n - 2 scrolls of poison
 q - a scroll of amnesia
 s - a scroll of magic mapping
 t - 3 scrolls of noise
 v - 2 scrolls of brand weapon
Potions
 b - 3 potions of flight
 d - 2 potions of might
 e - 2 potions of magic
 j - 2 potions of haste
 k - 3 potions of curing
 l - a potion of berserk rage


   Skills:
 + Level 6.0 Fighting
 + Level 9.4 Axes
 + Level 6.4 Armour
 + Level 1.0 Dodging
 + Level 0.2 Stealth
 + Level 4.8 Shields


You had 7 spell levels left.
You didn't know any spells.
Your spell library contained the following spells:

 Spells                   Type           Power      Damage    Failure   Level
 Call Canine Familiar     Summ           0%         N/A       100%        3
 Ozocubu's Armour         Ice            0%         N/A       100%        3
 Portal Projectile        Hex/Tloc       0%         N/A       100%        3
 Leda's Liquefaction      Hex/Erth       0%         N/A       100%        4
 Lee's Rapid Deconstruct  Erth           0%         3d5*      100%        5
 Metabolic Englaciation   Hex/Ice        0%         N/A       100%        5
 Statue Form              Tmut/Erth      0%         N/A       100%        6
 Simulacrum               Ice/Necr       Unusable   N/A       N/A         6

Dungeon Overview and Level Annotations

Branches:
Dungeon (6/15)
 Temple: D:4-7

Altars:
Gozag
Makhleb
Qazlal
Ru
Xom
The Shining One

Shops:
D:1 (


Message History

A wight comes into view.
It is wielding a +0 halberd and wearing a +0 robe of willpower.
Things that are here:
6 gold pieces; a +2 spear; a +0 robe 2 orcs come into view.
The orc shouts! x2; You hear a shout!
An orc warrior comes into view. It is wielding a +0 dire flail.
You start putting on your amulet.
You continue putting on your amulet of faith.
The wight hits you from afar with a +0 halberd.
Keep equipping yourself? [Y]es or [N]o only, please.
Keep equipping yourself? [Y]es or [N]o only, please.
Keep equipping yourself?
You feel drained.
You continue putting on your amulet of faith.
You block the wight's attack.
The orc is distracted by your dazzling golden aura.
You continue putting on your amulet of faith.
The orc is distracted by your dazzling golden aura.
The wight barely misses you.
You continue putting on your amulet of faith.
The wight barely misses you.
You continue putting on your amulet of faith.
The orc is no longer distracted by gold. x2
The wight hits you from afar with a +0 halberd!
* * * LOW HITPOINT WARNING * * *
You finish putting on your amulet of faith.
Gozag cares for nothing but gold!
m - an amulet of faith (around neck)
You feel better. You block the orc warrior's attack.
The wight hits you from afar with a +0 halberd!
* * * LOW HITPOINT WARNING * * *
You feel drained.
* * * LOW HITPOINT WARNING * * *
As you read the scroll of teleportation, it crumbles to dust.
You feel strangely unstable.
The orc warrior hits you with a +0 dire flail!
You die...
Your body crumbles into a pile of gold.

#############
#...........# #
#.#########.#
## #.# #.#
.#####.# #$#
.......# #$##
.####### #@.#
##
.....oo..z.....
# #
....o..........
# #
......##.##....
#.# # ######.#
...### .. .###
#.# # .......#
.. ..# # #.# #
.####### . ..#
#.# # .## ..#
#.# # ..## ..
#.# #


You could see an orc warrior, a wight and 2 orcs.

Vanquished Creatures
  3 ice beasts
  2 black bears (D:6)
  2 phantoms
  A necrophage (D:5)
  3 scorpions
  2 wights (D:6)
  A jelly (D:6)
  An orc priest (D:4)
  An iguana (D:4)
  3 orc wizards
  8 adders
  2 white imps
  2 ufetubi
  A worm (D:4)
  5 dart slugs
  21 orcs
  6 ball pythons
  5 bats
  6 endoplasms
  4 giant cockroaches
  7 goblins
  6 hobgoblins
  11 jackals
  5 quokkas (D:1)
  4 frilled lizards
  4 kobolds
  3 rats
119 creatures vanquished.

Vanquished Creatures (others)
  A plant (D:2)
1 creature vanquished.

Grand Total: 120 creatures vanquished

Notes
Turn   | Place    | Note
-------+----------+-------------------------------------------
     0 | D:1      | Ihaveafatcat the Hill Orc Fighter began the quest for the
                  | Orb.
     0 | D:1      | Reached XP level 1. HP: 19/19 MP: 1/1
    17 | D:1      | Found Onaroyr's Weapon Shop.
   287 | D:1      | Reached skill level 3 in Axes
   287 | D:1      | Reached XP level 2. HP: 26/27 MP: 2/2
   648 | D:1      | Reached XP level 3. HP: 33/33 MP: 3/3
  1242 | D:2      | Reached XP level 4. HP: 6/40 MP: 4/4
  1248 | D:2      | HP: 1/40 [frilled lizard (3)]
  1979 | D:3      | Reached skill level 4 in Axes
  1995 | D:3      | Reached XP level 5. HP: 35/47 MP: 5/5
  2535 | D:3      | Found a shimmering altar of Xom.
  2535 | D:3      | Found a burning altar of Makhleb.
  2557 | D:3      | Found an opulent altar of Gozag.
  2560 | D:3      | Found a glowing golden altar of the Shining One.
  2562 | D:3      | Found a stormy altar of Qazlal.
  2569 | D:3      | Found a sacrificial altar of Ru.
  2600 | D:3      | Became a worshipper of Gozag Ym Sagoz the Greedy
  2989 | D:4      | Reached skill level 5 in Axes
  3942 | D:5      | Entered Level 5 of the Dungeon
  3947 | D:5      | Reached XP level 6. HP: 44/53 MP: 6/6
  4250 | D:5      | Noticed an ice beast
  4262 | D:5      | Killed an ice beast
  4263 | D:5      | Reached skill level 6 in Axes
  4263 | D:5      | Reached skill level 5 in Armour
  4263 | D:5      | Reached skill level 1 in Dodging
  4263 | D:5      | Reached XP level 7. HP: 55/60 MP: 7/7
  4324 | D:5      | Reached skill level 7 in Axes
  4326 | D:5      | Reached skill level 5 in Fighting
  4779 | D:5      | Reached skill level 8 in Axes
  5163 | D:6      | Reached XP level 8. HP: 54/68 MP: 8/8
  5805 | D:6      | Reached skill level 9 in Axes
  5901 | D:6      | HP: 1/66 [wight/+0 halberd (5)]
  5902 | D:6      | Slain by an orc warrior

Illustrated notes

Levels and vault maps discovered:
D:1:      lightli_arrival_maybe_door_vault, layout_loops_ring, serial_shops,
          shop
D:2:      layout_rooms, serial_bayou_pond_a, dk_noncrumbling_2,
          kennysheep_generic_room_12
D:3:      layout_rooms, nicolae_overflow_hallway_of_the_gods
D:4:      layout_loops_cross
D:5:      layout_rooms
D:6:      layout_loops_ring

Skill      XL: |  1  2  3  4  5  6  7  8 |
---------------+-------------------------+-----
Axes           | 3 4 5 6 8 9 |  9.4
Fighting       | 4 5 6 |  6.0
Armour         | 4 5 6 |  6.4
Shields        | 4 |  4.8
Dodging        | 1 |  1.0
Stealth        | |  0.2

Action                   |  1- 3 |  4- 6 |  7- 9 || total
-------------------------+-------+-------+-------++-------
Melee: War axe           |    95 |   186 |    84 ||   365
  Use: Potion            |       |     9 |     1 ||    10
       Scroll            |       |    11 |     1 ||    12
Armor: Scale mail        |    77 |    80 |       ||   157
       Plate armour      |       |    27 |    46 ||    73
Dodge: Dodged            |    57 |    64 |    23 ||   144
Block: Buckler           |    37 |    33 |    20 ||    90
